 Dungeon Crawl Stone Soup version 0.24.0-125-gc4c63601f3 (webtiles) character file.

Game seed: 1251978519103958654, levelgen mode: deterministic

25989 Frank2 the Basher (level 12, 0/94 HPs)
             Began as a Demonspawn Gladiator on Mar 13, 2020.
             Was the Champion of Makhleb.
             Slain by a slime creature (10 damage)
             ... on level 13 of the Dungeon.
             The game lasted 00:31:25 (11872 turns).

Frank2 the Basher (Demonspawn Gladiator)           Turns: 11872, Time: 00:31:26

Health: 0/94       AC: 18    Str: 14    XL:     12   Next: 94%
Magic:  19/19      EV: 16    Int: 12    God:    Makhleb [******]
Gold:   742        SH:  0    Dex: 22    Spells: 11/11 levels left

rFire    x . .     SeeInvis .   s - +2 flail (flame)
rCold    + . .     Gourm    .   (no shield)
rNeg     . . .     Faith    .   n - +2 ring mail {rPois}
rPois    +         Spirit   .   c - +2 helmet
rElec    .         Reflect  .   b - +0 cloak
rCorr    .         Harm     .   (no gloves)
MR       .....                  r - +0 pair of boots
Stlth    +.........             m - amulet of regeneration
HPRegen  0.65/turn              d - +4 ring of dexterity
MPRegen  0.16/turn              u - ring of ice

@: no status effects
A: claws 2, slimy green scales 3, powered by pain 3, spiny 1
a: Minor Destruction, Lesser Servant of Makhleb, Major Destruction, Greater
Servant of Makhleb, Renounce Religion


You were on level 13 of the Dungeon.
You worshipped Makhleb.
Makhleb was exalted by your worship.
You were hungry.

You visited 1 branch of the dungeon, and saw 13 of its levels.
You visited the Abyss 1 time.
You also visited: Ice Cave.

You collected 742 gold pieces.

Inventory:

Hand Weapons
 s - a +2 flail of flaming (weapon)
 z - a +0 dire flail
Armour
 b - a +0 cloak (worn)
 c - a +2 helmet (worn)
 n - a +2 ring mail of poison resistance (worn)
 r - a +0 pair of boots (worn)
Jewellery
 d - a +4 ring of dexterity (left claw)
 m - an amulet of regeneration (around neck)
 o - an uncursed ring of positive energy
 u - a ring of ice (right claw)
 y - an uncursed ring of positive energy
Wands
 p - a wand of clouds (1)
 C - a wand of random effects (8)
 E - a wand of iceblast (10)
Scrolls
 e - 9 scrolls of remove curse
 k - 3 scrolls of teleportation
 t - a scroll of fog
 w - a scroll of magic mapping
 x - a scroll of fear
 D - a scroll of acquirement {unknown}
Potions
 a - a potion of mutation
 h - a potion of ambrosia
 i - a potion of flight {unknown}
 j - 2 potions of might
 l - a potion of lignification
 q - 2 potions of berserk rage
 A - a potion of invisibility
Miscellaneous
 B - 2 phantom mirrors
Comestibles
 f - 25 rations


   Skills:
 + Level 8.6 Fighting
 + Level 12.2 Maces & Flails
 - Level 1.7 Throwing
 + Level 7.3 Armour
 + Level 7.1 Dodging
 * Level 9.9 Invocations
 * Level 8.8 Evocations


You had 11 spell levels left.
You didn't know any spells.
Your spell library contained the following spells:

 Spells                   Type           Power        Failure   Level  Hunger
 Animate Skeleton         Necr           N/A          52%         1    ##.....
 Apportation              Tloc           #.....       52%         1    ##.....
 Confusing Touch          Hex            #.....       52%         1    ##.....
 Magic Dart               Conj           #...         52%         1    ##.....
 Summon Butterflies       Summ           #.......     52%         1    ##.....
 Summon Small Mammal      Summ           #...         52%         1    ##.....
 Searing Ray              Conj           #.....       67%         2    ###....
 Call Canine Familiar     Summ           #.......     88%         3    ####...
 Dazzling Spray           Conj/Hex       #.....       88%         3    ####...
 Lesser Beckoning         Tloc           #.........   88%         3    ####...
 Tukima's Dance           Hex            #.......     88%         3    ####...
 Force Lance              Conj/Tloc      #.......     99%         4    #####..
 Fulminant Prism          Conj/Hex       #.........   99%         4    #####..
 Iskenderun's Mystic Bla  Conj           #.......     99%         4    #####..
 Summon Ice Beast         Ice/Summ       #.......     99%         4    #####..
 Alistair's Intoxication  Tmut/Pois      #.......     100%        5    ######.
 Summon Mana Viper        Hex/Summ       #.......     100%        5    ######.
 Invisibility             Hex            #.......     100%        6    #######
 Summon Hydra             Summ           #.........   100%        7    #######


Dungeon Overview and Level Annotations

Branches:
Dungeon (13/15)            Temple (0/1) D:6            Lair (0/6) D:9
    Orc (0/2) D:11         Vaults (0/5) D:13          IceCv (visited)

Altars:
Cheibriados
Elyvilon
Fedhas
Gozag
Kikubaaqudgha
Makhleb
Nemelex Xobeh
Qazlal
Ru
Uskayaw
Vehumet
Wu Jian
Xom
Yredelemnul
The Shining One

Shops:
D:6 [

Annotations:
D:3 2 transporters


Innate Abilities, Weirdness & Mutations

You have very sharp fingernails.
You are completely covered in slimy green scales. (AC +4, rPois)
You are powered by pain.
You are partially covered in sharp spines.


Message History

Unknown command.
You are too injured to fight recklessly!
Unknown command.
You are too injured to fight recklessly!
Unknown command.
You are too injured to fight recklessly!
You are too injured to fight recklessly!
You hit the large slime creature. You burn the large slime creature.
The large slime creature is heavily wounded.
The large slime creature is struck by your spines.
The large slime creature hits you! The slime creature hits you.
You hit the large slime creature. You burn the large slime creature.
The large slime creature is heavily wounded.
The large slime creature hits you!!
* * * LOW HITPOINT WARNING * * *
You hit the large slime creature. You burn the large slime creature.
The large slime creature is heavily wounded.
The slime creature is struck by your spines.
The slime creature hits you!
You die...

,,,******,* #.#######
**,******,*****### #.#
,,,,,,<,,,,,,,,..# #.#
**,*****,,,****#.# ##.#
*,* *,,,** #.# #(.# *,*
*,,,,* #.# #.## *,*
*,,*,* #.# #.# *,*
*,.#.####J#######.# **,*
*,......J@##...##.#
****** *,,*
**.............##.#
*>,,,, *,**
*.#.######.......#**,****
*,** *,*,* #.#......#*,*
,,,** *,*,* #.######.#*,*
,*,,*****,*,* #.# *.#*,*
***,,,,,,,,,**** #.#
*.#*,* ,*,,****,,,,,,,*
#.# *.#*,* ,,,**
*,,,,,,,* #.# *.#*,*


You could see a large slime creature and a slime creature.

Vanquished Creatures
  Josephine (D:10)
  Erolcha (D:10)
  A centaur warrior (D:10)
  A two-headed ogre (D:8)
  Nergalle (D:10)
  An unseen horror (D:11)
  A cyclops (D:12)
  2 manticores
  5 ugly things
  Joseph (D:8)
  An elephant (D:9)
  Psyche (D:8)
  2 rime drakes (D:13)
  2 komodo dragons (D:10)
  A kobold demonologist (D:12)
  3 meliai (D:13)
  3 trolls
  6 slime creatures
  2 hippogriffs
  A meliai zombie (D:13)
  2 shadows (D:11)
  5 wraiths (D:10)
  2 wyverns
  3 yaks (D:10)
  A basilisk (D:9)
  3 hungry ghosts
  Grum (D:9)
  9 vampire mosquitoes
  An acid dragon (D:12)
  A swamp drake (D:11)
  6 orc warriors
  A black bear (D:12)
  3 sky beasts
  7 necrophages
  7 ice beasts
  6 ogres
  11 centaurs
  A crocodile (D:9)
  4 wolves (D:9)
  4 big kobolds
  8 bullfrogs
  2 gnoll sergeants (D:9)
  A wyvern skeleton (D:13)
  2 scorpions
  10 wights
  3 killer bees
  4 electric eels (D:10)
  8 howler monkeys
  A centaur zombie (D:12)
  A quasit (D:12)
  6 bullfrog zombies
  5 crimson imps
  11 hounds
  14 orc priests
  10 jellies
  11 orc wizards
  2 bullfrog skeletons
  6 centaur skeletons
  4 iguanas
  9 worker ants
  A killer bee zombie (D:5)
  A hound zombie (D:8)
  3 hound skeletons
  A mummy (D:12)
  3 worker ant zombies
  16 gnolls
  11 adders
  7 shadow imps
  5 oozes (D:8)
  2 worms
  5 dart slugs
  6 leopard geckos
  64 orcs
  A ball python (D:5)
  7 bats
  2 giant cockroaches
  6 goblins
  7 hobgoblins (D:1)
  5 jackals
  19 kobolds
  5 quokkas
  5 frilled lizards
  2 gnoll zombies (D:5)
  A quokka skeleton (D:7)
  A quokka zombie (D:7)
  4 rats
423 creatures vanquished.

Vanquished Creatures (collateral kills)
  A two-headed ogre (D:12)
1 creature vanquished.

Grand Total: 424 creatures vanquished

Notes
Turn   | Place    | Note
-------+----------+-------------------------------------------
     0 | D:1      | Frank2 the Demonspawn Gladiator began the quest for the
                  | Orb.
     0 | D:1      | Reached XP level 1. HP: 16/16 MP: 1/1
   102 | D:1      | Reached skill level 3 in Maces & Flails
   116 | D:1      | Gained mutation: You are partially covered in slimy green
                  | scales. (AC +2) [demonic ancestry]
   116 | D:1      | Reached XP level 2. HP: 17/22 MP: 2/2
   649 | D:1      | Gained mutation: You have sharp fingernails. [demonic
                  | ancestry]
   649 | D:1      | Reached XP level 3. HP: 26/27 MP: 3/3
   816 | D:1      | Found a sparkling altar of Nemelex Xobeh.
  1073 | D:2      | Cast into level 1 of the Abyss (kobold)
  1077 | Abyss:1  | Found a corrupted altar of Lugonu.
  1123 | Abyss:1  | Noticed a small abomination
  1156 | D:2      | Escaped the Abyss
  1166 | D:2      | Reached skill level 1 in Armour
  1166 | D:2      | Gained mutation: You are partially covered in sharp spines.
                  | [demonic ancestry]
  1166 | D:2      | Reached XP level 4. HP: 19/34 MP: 4/4
  1749 | D:3      | Found a sparkling altar of Nemelex Xobeh.
  1788 | D:3      | Found a transporter.
  1792 | D:3      | Found a transporter.
  2009 | D:3      | Reached skill level 4 in Maces & Flails
  2020 | D:3      | Found a white marble altar of Elyvilon.
  2086 | D:3      | Reached XP level 5. HP: 34/39 MP: 5/5
  2108 | D:3      | Found a shimmering altar of Xom.
  2260 | D:3      | Noticed an ice beast
  2272 | D:3      | Killed an ice beast
  2272 | D:3      | Gained mutation: You sometimes gain a little power by
                  | taking damage. [demonic ancestry]
  2272 | D:3      | Reached XP level 6. HP: 22/46 MP: 6/6
  2500 | D:3      | Found a snail-covered altar of Cheibriados.
  2731 | D:4      | Reached skill level 5 in Maces & Flails
  3409 | D:4      | Gained mutation: You are mostly covered in slimy green
                  | scales. (AC +3) [demonic ancestry]
  3409 | D:4      | Reached XP level 7. HP: 46/52 MP: 7/7
  3713 | D:4      | Found an ornate altar of the Wu Jian Council.
  3748 | D:5      | Entered Level 5 of the Dungeon
  3784 | D:5      | Reached skill level 1 in Evocations
  3941 | D:5      | Reached skill level 6 in Maces & Flails
  4147 | D:5      | Found a burning altar of Makhleb.
  4157 | D:5      | Became a worshipper of Makhleb the Destroyer
  4293 | D:5      | Noticed a hippogriff
  4307 | D:5      | Killed a hippogriff
  4307 | D:5      | Gained mutation: You are completely covered in slimy green
                  | scales. (AC +4, rPois) [demonic ancestry]
  4307 | D:5      | Reached XP level 8. HP: 41/60 MP: 9/9
  4663 | D:5      | Found a sacrificial altar of Ru.
  4707 | D:5      | Reached * piety under Makhleb
  4710 | D:5      | Found a basalt altar of Yredelemnul.
  4956 | D:6      | Reached skill level 7 in Maces & Flails
  4966 | D:6      | Found Empenky's Antique Armour Shop.
  5032 | D:6      | Found a staircase to the Ecumenical Temple.
  5211 | D:6      | Reached ** piety under Makhleb
  5379 | D:7      | Gained mutation: You sometimes gain power by taking damage.
                  | [demonic ancestry]
  5379 | D:7      | Reached XP level 9. HP: 66/66 MP: 11/11
  5504 | D:7      | Reached skill level 8 in Maces & Flails
  5587 | D:7      | Found a stormy altar of Qazlal.
  5621 | D:7      | Found an ancient bone altar of Kikubaaqudgha.
  5658 | D:7      | Reached skill level 5 in Fighting
  5658 | D:7      | Reached skill level 1 in Invocations
  5891 | D:8      | Noticed a two-headed ogre
  5903 | D:8      | Killed a two-headed ogre
  5903 | D:8      | Reached skill level 5 in Dodging
  5903 | D:8      | Reached skill level 5 in Evocations
  6089 | D:8      | Reached skill level 9 in Maces & Flails
  6296 | D:8      | Found a radiant altar of Vehumet.
  6341 | D:8      | Noticed Joseph
  6360 | D:8      | Killed Joseph
  6360 | D:8      | Gained mutation: You are powered by pain. [demonic
                  | ancestry]
  6360 | D:8      | Reached XP level 10. HP: 56/75 MP: 13/13
  6492 | D:8      | Noticed Psyche
  6496 | D:8      | Killed Psyche
  6667 | D:9      | Found a staircase to the Lair.
  6667 | D:9      | Noticed an elephant
  6699 | D:9      | Killed an elephant
  6927 | D:9      | Reached skill level 5 in Invocations
  6983 | D:9      | Reached skill level 5 in Armour
  7025 | D:9      | Noticed a +0 dagger
  7026 | D:9      | Noticed a +0 hand axe
  7027 | D:9      | Found a hide-covered altar of Uskayaw.
  7123 | D:9      | Noticed Grum
  7152 | D:9      | Killed Grum
  7152 | D:9      | Reached *** piety under Makhleb
  7521 | D:9      | Found an opulent altar of Gozag.
  7859 | D:9      | Reached skill level 10 in Maces & Flails
  7950 | D:10     | Entered Level 10 of the Dungeon
  8123 | D:10     | Noticed Erolcha
  8163 | D:10     | Killed Erolcha
  8163 | D:10     | Gained mutation: You have very sharp fingernails. [demonic
                  | ancestry]
  8163 | D:10     | Reached XP level 11. HP: 32/83 MP: 15/15
  8467 | D:10     | Reached **** piety under Makhleb
  8765 | D:10     | Noticed a centaur warrior
  8778 | D:10     | Killed a centaur warrior
  9070 | D:10     | Noticed Josephine
  9097 | D:10     | Killed Josephine
  9409 | D:10     | Noticed Nergalle
  9423 | D:10     | Killed Nergalle
  9591 | D:11     | Noticed a white ugly thing
  9689 | D:11     | Killed an unseen horror
  9689 | D:11     | Reached skill level 11 in Maces & Flails
  9781 | D:11     | Noticed a white ugly thing
  9787 | D:11     | Killed a red ugly thing
  9790 | D:11     | Killed a brown ugly thing
  9805 | D:11     | Found a blossoming altar of Fedhas.
  9909 | D:11     | Reached XP level 12. HP: 63/91 MP: 18/18
  9999 | D:11     | Identified the +6 chain mail of Discretion {rF- Dex+4}
 10003 | D:11     | Reached ***** piety under Makhleb
 10046 | D:11     | Found a staircase to the Orcish Mines.
 10969 | D:12     | Noticed a two-headed ogre
 10975 | D:12     | Killed a two-headed ogre
 11184 | D:12     | Found a glowing golden altar of the Shining One.
 11386 | D:13     | Noticed a two-headed ogre
 11386 | D:13     | Noticed an ogre mage
 11396 | D:13     | Reached skill level 12 in Maces & Flails
 11399 | D:13     | Found a gate to the Vaults.
 11511 | D:13     | Found a frozen archway.
 11519 | IceCv    | Entered an ice cave
 11569 | IceCv    | Reached ****** piety under Makhleb
 11872 | D:13     | Slain by a slime creature

Levels and vault maps discovered:
D:1:      sevenhm_arrival_forest_fort_large_4, layout_loops_corners,
          hangedman_decor_slide_cut, nemelex_diamond_rough_becter
D:2:      layout_rooms
D:3:      gammafunk_steamed_eel, layout_loops_ring,
          nemelex_xobeh_ov_fountains_minmay, elyvilon_altar_1,
          lemuel_doored_altar, marbit_many_paths, first_ration,
          nrook_mini_vaults
D:4:      layout_cave_pools, kennysheep_little_box
D:5:      layout_loops_ring, makhleb_heckhound_becter,
          nicolae_ru_great_annihilating_truth, lemuel_zombie_altar_yredelemnul,
          roderic_serpentine_path
D:6:      layout_rooms, temple_fountains, serial_shops, nicolae_shop_stone
D:7:      minmay_the_grid_octo_triangle [minmay_the_grid_octo_thin_diamonds,
          minmay_the_grid_octo_prize_single_spiral, minmay_the_grid_octo_chip],
          layout_rooms, kiku_gazebo_garden_becter, overflow_temple_1_default
D:8:      layout_rooms, lemuel_round_altar, hangedman_little_slice_of_home,
          uniq_joseph, uniq_psyche
D:9:      layout_long_grid, kennysheep_mini, dancing_weapons_uskayaw,
          david_lair_generic, uniq_grum
D:10:     minmay_imperfect_grid, layout_basic, uniq_erolcha, uniq_josephine,
          uniq_nergalle
D:11:     layout_small_grid, erik_orc_1, basic_altar
D:12:     layout_loops_ring, serial_undead, serial_undead_d, serial_undead_f,
          serial_undead_c, serial_undead_a, nicolae_tso_swordbearing_angel
D:13:     layout_loops_ring, hangedman_vaults_entry_quadrant_bands,
          portal_ice_cave_rime, minivault_11

Skill      XL: |  1  2  3  4  5  6  7  8  9 10 11 12 |
---------------+-------------------------------------+-----
Maces & Flails | 3 4 5 6 7 9 10 11 12 | 12.2
Dodging        | 3 4 5 6 7 |  7.1
Armour         | 1 2 3 4 5 6 7 |  7.3
Fighting       | 3 4 5 6 7 8 |  8.6
Evocations     | 2 3 5 6 7 8 |  8.8
Invocations    | 4 6 8 9 |  9.9
Throwing       | |  1.7

Action                   |  1- 3 |  4- 6 |  7- 9 | 10-12 || total
-------------------------+-------+-------+-------+-------++-------
Melee: Flail             |    96 |    99 |   294 |   783 ||  1272
       Unarmed           |       |       |       |     3 ||     3
Throw: Throwing net      |     3 |     2 |       |       ||     5
Evoke: Wand              |       |     6 |     2 |    26 ||    34
       Sack of spiders   |       |       |       |     1 ||     1
  Use: Scroll            |       |     8 |     9 |    16 ||    33
       Potion            |       |       |       |     5 ||     5
 Stab: Held in net/web   |       |     1 |       |       ||     1
       Paralysed         |       |       |    10 |     8 ||    18
       Confused          |       |       |       |     2 ||     2
       Sleeping          |       |       |       |     1 ||     1
  Eat: Chunk             |       |     5 |     9 |    18 ||    32
       Ration            |       |     1 |       |     1 ||     2
Armor: Leather armour    |    35 |    27 |       |       ||    62
       Ring mail         |       |       |    81 |   185 ||   266
       Scale mail        |       |       |       |    94 ||    94
       Skin              |       |       |       |     1 ||     1
Dodge: Dodged            |    79 |    65 |   181 |   594 ||   919
